Map: Catalyst LE

Players

JonSnow - Winner!

  • Race: Zerg Zerg
  • Spawn Location: 5:00

Yarion

  • Race: Protoss Protoss
  • Spawn Location: 11:00

Event: WCS Leipzig 2018

VOD

Have the link to the VOD?

Description

Time

  • Played on: Jan. 26, 2018, 6:35 a.m.
  • Length: 6:01

All games in this series

Show
View Real Time Build Order
Export as new Build Order

JonSnow Zerg - Winner!

Build Orders: Hatch First 

Get SALT Encoding   

  12  0:01  Drone  
  13  0:13  Overlord  
  13  0:17  Drone  
  14  0:31  Drone x2  
  16  0:36  Drone  
  17  0:53  Hatchery  
  17  0:56  Drone  
  17  1:01  Drone  
  18  1:10  Extractor  
  17  1:15  Spawning Pool  
  17  1:17  Drone  
  17  1:21  Drone  
  18  1:30  Drone  
  19  1:40  Overlord  
  19  1:55  Drone  
  20  2:03  Queen  
  20  2:04  Zergling x2  
  20  2:05  Zergling x2, Queen  
  26  2:09  Metabolic Boost  
  26  2:14  Drone  
  27  2:18  Drone  
  28  2:27  Drone x2  
  30  2:38  Hatchery  
  29  2:44  Drone x2  
  29  2:45  Drone  
  32  2:52  Drone  
  32  2:53  Queen  
  35  2:58  Drone  
  35  3:02  Overlord  
  36  3:22  Drone x8  
  36  3:24  Evolution Chamber  
  43  3:33  Overlord  
  42  3:36  Extractor  
  42  3:42  Overlord  
  42  3:43  Spore Crawler  
  42  3:44  Spore Crawler  
  42  3:45  Drone  
  42  3:46  Drone  
  42  3:54  Zerg Melee Weapons Level 1, Overlord, Queen  
  42  3:57  Drone  
  42  3:58  Drone x2  
  42  3:59  Drone  
  46  4:04  Drone x2  
  48  4:10  Queen  
  48  4:16  Zergling x10  
  53  4:29  Zergling x14  
  60  4:37  Baneling Nest  
  59  4:40  Spore Crawler  
  59  4:41  Zergling x6  
  61  4:46  Zergling x6  
  61  4:51  Zergling x6  
  67  4:56  Overlord  
  67  5:01  Overlord  
  67  5:05  Zergling x8  
  71  5:12  Overlord  
  71  5:21  Baneling x11  
  71  5:23  Zergling x6  
  74  5:30  Zergling x6  
  74  5:31  Baneling x2  
  74  5:34  Baneling  
  77  5:35  Zergling x2  
  77  5:36  Zergling x4  
  77  5:40  Baneling  
  80  5:44  Baneling  
Show
View Real Time Build Order
Export as new Build Order

Yarion Protoss 

Build Orders: 1 Gate Expand 

Get SALT Encoding   

  12  0:00  Probe  
  13  0:12  Probe  
  14  0:20  Pylon  
  14  0:25  Probe  
  15  0:38  Probe (Chrono Boost)  
  15  0:40  Gateway  
  17  0:50  Probe (Chrono Boost)  
  17  0:51  Assimilator  
  17  0:57  Probe (Chrono Boost)  
  18  1:04  Probe  
  19  1:16  Probe (Chrono Boost)  
  20  1:28  Nexus  
  20  1:30  Probe (Chrono Boost)  
  21  1:43  Cybernetics Core  
  21  1:45  Probe  
  22  1:51  Assimilator  
  22  2:01  Probe  
  23  2:02  Pylon  
  23  2:19  Adept (Chrono Boost)  
  23  2:21  Probe  
  23  2:22  Warp Gate  
  26  2:35  Probe  
  26  2:39  Stargate  
  26  2:41  Probe  
  27  2:49  Adept  
  29  2:54  Probe x2  
  31  3:06  Twilight Council  
  31  3:16  Probe  
  31  3:17  Probe  
  31  3:19  Adept (Chrono Boost)  
  33  3:29  Probe x2  
  34  3:40  Resonating Glaives (Chrono Boost)  
  31  3:41  Probe x2  
  33  3:53  Probe  
  33  3:54  Probe  
  35  4:01  Gateway, Oracle (Chrono Boost)  
  35  4:03  Gateway  
  35  4:05  Probe  
  35  4:08  Probe  
  40  4:14  Adept  
  40  4:27  Probe x2  
  40  4:39  Phoenix  
  40  4:41  Probe x2  
  44  4:54  Probe x2  
  46  5:04  Pylon  
  46  5:07  Pylon  
  46  5:11  Probe x2  
  45  5:25  Probe x2  
  45  5:26  Shield Battery  
  45  5:27  Adept x3  
  53  5:29  Shield Battery  
  53  5:37  Probe  
  53  5:41  Assimilator  
  54  5:44  Assimilator  
Tags
 
Add a new tag
Caveats
  • Supply blocks, unpowered buildings, or Contaminate may cause inaccurate times.
  • Supply counts are checked every 10 seconds.